Map: Ruins of Seras

Players

Elazer

  • Race: Zerg Zerg
  • League: Grandmaster

HeroMarine - Winner!

  • Race: Terran Terran
  • League: Grandmaster

Event: Homestory Cup XII

VOD

Have the link to the VOD?

Description

Time

  • Played on: Dec. 18, 2015, 1:59 p.m.
  • Length: 10:37

All games in this series

Show
View Real Time Build Order
Export as new Build Order

Elazer Zerg 

Build Orders: Hatch First 

Get SALT Encoding   

  12  0:00  Drone  
  13  0:13  Overlord  
  13  0:17  Drone  
  14  0:31  Drone x2  
  14  0:35  Drone  
  17  0:53  Hatchery  
  17  0:55  Drone  
  17  0:58  Drone  
  18  1:09  Extractor  
  17  1:14  Spawning Pool  
  17  1:17  Drone  
  17  1:20  Drone  
  18  1:29  Drone  
  19  1:39  Overlord  
  19  2:00  Zergling x2, Queen  
  19  2:01  Zergling x2  
  23  2:05  Drone, Queen  
  26  2:09  Metabolic Boost  
  26  2:11  Drone  
  27  2:16  Drone  
  29  2:22  Drone  
  29  2:28  Drone  
  30  2:41  Queen  
  30  2:43  Drone x2  
  34  2:47  Overlord  
  34  2:48  Drone  
  35  3:01  Drone  
  36  3:07  Drone  
  36  3:09  Drone x3  
  36  3:11  Drone  
  36  3:12  Drone, Overlord  
  42  3:17  Queen  
  44  3:26  Hatchery  
  43  3:31  Drone x4  
  47  3:36  Drone  
  48  3:41  Extractor  
  48  3:42  Extractor  
  48  3:43  Overlord, Roach Warren  
  48  3:44  Drone  
  48  3:46  Drone  
  47  3:52  Drone  
  47  3:53  Drone x2  
  50  3:57  Queen  
  50  4:08  Drone  
  51  4:11  Lair  
  51  4:12  Drone x2  
  51  4:14  Drone x2  
  55  4:19  Overlord  
  55  4:25  Roach x2  
  55  4:27  Overlord  
  59  4:37  Roach  
  59  4:38  Roach x4  
  69  4:44  Drone x2  
  71  4:48  Spore Crawler  
  71  4:49  Spore Crawler  
  71  4:50  Drone x2  
  71  4:51  Spore Crawler  
  71  4:52  Drone  
  71  5:02  Overlord  
  71  5:03  Drone x2  
  71  5:06  Drone  
  71  5:11  Overlord  
  71  5:12  Drone  
  72  5:14  Glial Reconstitution  
  72  5:17  Drone  
  72  5:20  Drone x2  
  75  5:22  Drone  
  76  5:29  Roach x3  
  76  5:31  Drone  
  76  5:34  Overlord  
  83  5:39  Evolution Chamber  
  83  5:40  Drone x3  
  83  5:41  Evolution Chamber  
  83  5:42  Drone  
  85  5:45  Drone x2  
  85  5:46  Ravager x2  
  85  5:47  Ravager  
  85  5:48  Ravager  
  85  5:49  Ravager x2  
  93  5:51  Roach  
  95  5:59  Roach x3  
  101  6:04  Extractor  
  101  6:05  Extractor  
  101  6:07  Drone x3  
  101  6:08  Drone x3  
  105  6:13  Overlord  
  105  6:17  Drone  
  106  6:18  Hatchery  
  106  6:22  Overlord  
  105  6:28  Overlord x2  
  105  6:33  Overlord  
  105  6:34  Zerg Missile Weapons Level 1, Zerg Ground Armor Level 1  
  105  6:44  Overlord x2  
  105  6:48  Drone x3  
  105  6:49  Drone, Extractor  
  105  6:50  Drone x3  
  105  6:52  Roach x2  
  105  6:53  Roach  
  117  7:00  Roach x2  
  117  7:01  Roach x2  
  125  7:03  Overlord  
  125  7:16  Drone  
  125  7:19  Roach x6  
  137  7:23  Overlord  
  137  7:30  Drone x8  
  137  7:35  Overlord  
  137  7:36  Overlord  
  145  7:39  Roach  
  147  7:47  Roach x4  
  155  7:53  Infestation Pit, Extractor  
  155  7:54  Roach x4  
  155  7:58  Roach x2  
  165  8:03  Roach  
  165  8:04  Roach x3  
  173  8:10  Roach x4  
  173  8:12  Overlord  
  181  8:14  Overlord  
  181  8:18  Roach  
  181  8:19  Ravager  
  184  8:30  Hive  
  184  8:32  Ravager x5  
  181  8:42  Roach x7  
  174  8:50  Roach  
  174  8:51  Roach x4  
  167  9:06  Roach x7  
  167  9:18  Roach  
  167  9:19  Roach x4  
  167  9:22  Roach  
  153  9:26  Roach x3  
  145  9:33  Roach x2  
  145  9:34  Roach  
  147  9:40  Roach x3  
  150  9:47  Roach x2  
  150  9:48  Ravager  
  150  9:49  Ravager  
  152  9:55  Hatchery  
  152  9:59  Roach  
  153  10:01  Overlord  
  153  10:02  Ravager  
  154  10:12  Roach x4  
  153  10:21  Overseer  
Show
View Real Time Build Order
Export as new Build Order

HeroMarine Terran - Winner!

Build Orders: Liberator Opening, Reaper Expand, MMM Bio 

Get SALT Encoding   

  12  0:00  SCV  
  13  0:12  SCV  
  14  0:18  Supply Depot  
  14  0:24  SCV  
  15  0:39  SCV  
  15  0:41  Barracks  
  16  0:46  Refinery  
  16  0:51  SCV  
  17  1:03  SCV  
  18  1:16  SCV  
  19  1:28  Orbital Command  
  19  1:29  Reaper  
  20  1:45  Command Center  
  20  1:53  Supply Depot  
  20  1:55  SCV  
  20  2:01  Marine  
  21  2:07  SCV  
  23  2:10  Refinery  
  23  2:17  Factory  
  23  2:20  SCV  
  24  2:24  Barracks Reactor  
  24  2:32  SCV  
  25  2:44  SCV  
  26  2:56  SCV  
  27  2:59  Orbital Command  
  27  3:03  Starport  
  27  3:07  Hellion x2  
  27  3:08  SCV, Marine  
  33  3:18  Supply Depot  
  33  3:21  SCV  
  33  3:25  SCV  
  35  3:28  Marine  
  35  3:30  Widow Mine x2  
  35  3:34  SCV  
  41  3:38  SCV  
  41  3:41  Medivac  
  43  3:43  Supply Depot  
  43  3:46  SCV  
  43  3:48  Marine  
  45  3:50  SCV  
  46  3:56  Liberator  
  46  3:58  SCV  
  46  4:02  SCV, Hellion x2  
  52  4:06  Barracks Tech Lab  
  52  4:11  SCV  
  52  4:14  SCV  
  57  4:17  Supply Depot  
  57  4:23  SCV  
  58  4:26  SCV, Stimpack, Marine  
  60  4:35  SCV  
  60  4:36  Command Center  
  60  4:38  SCV  
  62  4:43  Supply Depot  
  62  4:44  Marine  
  63  4:51  Barracks x2  
  63  4:52  SCV, Factory Reactor, Liberator  
  64  4:56  SCV  
  65  5:04  SCV  
  66  5:08  Marine  
  66  5:14  SCV  
  71  5:16  SCV  
  71  5:18  Engineering Bay  
  71  5:19  Engineering Bay  
  71  5:20  Refinery x2  
  72  5:26  SCV, Marine  
  74  5:28  SCV  
  75  5:37  Barracks x2  
  75  5:38  SCV  
  75  5:40  SCV  
  75  5:42  Marine  
  78  5:44  Factory Reactor  
  78  5:48  Marine  
  79  5:50  SCV, Orbital Command  
  79  5:53  SCV  
  79  5:54  Terran Infantry Weapons Level 1, Terran Infantry Armor Level 1, Marine x2  
  79  5:55  Starport Reactor  
  83  5:59  Marauder  
  83  6:02  SCV  
  86  6:05  SCV, Marine  
  86  6:06  Supply Depot  
  86  6:09  Marine  
  86  6:11  Orbital Command  
  89  6:12  Marine  
  90  6:19  SCV x2  
  90  6:22  Marine  
  90  6:24  Barracks Reactor x2  
  93  6:27  Marine x2, Widow Mine x2  
  93  6:28  Marauder  
  93  6:32  Supply Depot x2  
  101  6:37  Bunker  
  101  6:38  Supply Depot  
  101  6:40  Combat Shields  
  101  6:52  Supply Depot  
  101  6:53  SCV x3, Medivac x2  
  108  6:54  Refinery, Marauder  
  108  6:59  Supply Depot x2, Marine x3  
  113  7:05  SCV x3, Marine x2  
  113  7:06  Widow Mine  
  113  7:08  Marine  
  121  7:14  Marine  
  121  7:15  Marine  
  121  7:16  Marauder  
  121  7:17  SCV x3, Marine x2  
  121  7:22  Armory  
  128  7:26  Supply Depot  
  128  7:28  Medivac  
  128  7:29  Supply Depot  
  130  7:30  Medivac  
  130  7:31  SCV  
  130  7:32  Widow Mine  
  130  7:33  SCV  
  130  7:35  SCV  
  130  7:36  Marine x2  
  139  7:38  Widow Mine  
  139  7:40  Marine x2, Marauder  
  139  7:42  Marine  
  146  7:45  Marine x2  
  146  7:48  SCV  
  146  7:50  Marine  
  150  7:54  Marine x2  
  150  7:57  Supply Depot x2  
  150  7:58  Marine  
  150  7:59  Concussive Shells  
  150  8:02  Marauder  
  150  8:03  Marine x2  
  150  8:05  Marine x2  
  157  8:06  Widow Mine, Medivac x2  
  163  8:15  Terran Infantry Weapons Level 2, Terran Infantry Armor Level 2  
  163  8:18  Marine x2  
  165  8:22  Widow Mine  
  165  8:23  Marauder  
  169  8:29  Marine x2  
  169  8:33  Terran Vehicle And Ship Armor Level 1  
  169  8:34  Command Center, Widow Mine  
  169  8:35  Marine  
  169  8:36  Marine  
  166  8:45  Marine x2, Marauder  
  166  8:46  Marine x2  
  159  8:50  Marine x2  
  159  8:53  Marine  
  159  8:54  Marine  
  159  8:55  Medivac x2  
  165  9:03  Marine x2  
  165  9:04  Marine  
  165  9:05  Marine  
  165  9:06  Marauder  
  165  9:08  Marine x2  
  168  9:11  Marine  
  168  9:12  Marine  
  167  9:20  Marine  
  167  9:21  Marine  
  167  9:22  Marine x2  
  165  9:26  Marine x2  
  165  9:27  Marauder  
  165  9:29  Barracks  
  165  9:30  Marine x2  
  166  9:31  Barracks x2  
  166  9:35  Widow Mine  
  166  9:36  Medivac x2, Widow Mine  
  169  9:38  Marine x2  
  169  9:40  Marine x2  
  169  9:44  Marine x2  
  172  9:48  Marine x2  
  172  9:49  Marauder  
  171  9:56  Marine x2  
  171  9:57  Marine  
  171  9:58  Marine  
  175  10:01  Marine  
  175  10:02  Marine  
  175  10:06  Marine x2  
  177  10:10  Marauder  
  177  10:14  Marine x2  
  171  10:15  Marine  
  171  10:16  Marine  
  171  10:17  Barracks Tech Lab  
  176  10:28  Barracks Tech Lab x2  
Tags
 
Add a new tag
Caveats
  • Supply blocks, unpowered buildings, or Contaminate may cause inaccurate times.
  • Supply counts are checked every 10 seconds.